[Event "January 9 Early 2024"]
[Site "https://www.chess.com"]
[Date "2024.01.11"]
[Round "1"]
[White "Boruchovsky, Avital"]
[Black "Mesquita, Eduardo Barbosa"]
[Result "1-0"]
[Board "137"]
[TimeControl "180+1"]
[WhiteFideId "2800055"]
[BlackFideId "22757163"]
[WhiteElo "2790"]
[BlackElo "2435"]
[WhiteTeam "ISR"]
[BlackTeam "BRA"]
[WhiteClock "0:00:36"]
[BlackClock "0:00:09"]

1. e4 c5 2. Nc3 e6 3. Nf3 a6 4. g3 d5 5. Bg2 d4 6. Ne2 Nf6 7. d3 Nc6 8. O-O Be7 9. Nd2 O-O 10. a4 b6 11. f4 Bb7 12. h3 Re8 13. g4 b5 14. Ng3 Nd7 15. g5 g6 16. h4 h5 17. b3 Rc8 18. e5 Na5 19. Nde4 c4 20. axb5 axb5 21. Bd2 c3 22. Be1 Nc6 23. Nf6+ Nxf6 24. gxf6 Bf8 25. Nxh5 gxh5 26. Qxh5 Na5 27. Bxb7 Nxb7 28. Rf3 Bg7 29. Rg3 1-0

[Event "January 9 Early 2024"]
[Site "https://www.chess.com"]
[Date "2024.01.11"]
[Round "1"]
[White "Modric, Nesa"]
[Black "Rojas Salas, Steven"]
[Result "0-1"]
[Board "138"]
[TimeControl "180+1"]
[WhiteFideId "922579"]
[BlackFideId "3819434"]
[WhiteElo "2212"]
[BlackElo "2599"]
[WhiteTeam "SRB"]
[BlackTeam "PER"]
[WhiteClock "0:00:05"]
[BlackClock "0:00:57"]

1. d4 d5 2. Bg5 Nf6 3. Bxf6 exf6 4. g3 Bd6 5. Bg2 O-O 6. Qd3 Re8 7. Nf3 f5 8. O-O Nd7 9. e3 Nf6 10. c4 dxc4 11. Qxc4 c6 12. Nc3 Be6 13. Qa4 Qe7 14. a3 Nd5 15. Qc2 Qd7 16. Rac1 h6 17. Rfd1 Rad8 18. b4 Bf8 19. Ne5 Qc8 20. Qa4 a6 21. Qc2 g6 22. Na4 Qc7 23. Nc5 Bc8 24. Ncd3 Bg7 25. h4 Nf6 26. Qb3 Be6 27. Qc2 Kh7 28. Nc5 Bc8 29. Qb3 Re7 30. a4 Nd5 31. Ned3 Nxe3 32. Nf4 Nxd1 33. Rxd1 Bxd4 34. Ncd3 a5 35. b5 Qb6 36. Qc4 Bd7 0-1

[Event "January 9 Early 2024"]
[Site "https://www.chess.com"]
[Date "2024.01.11"]
[Round "1"]
[White "Jovic, Stanoje"]
[Black "Kozak, Antoni"]
[Result "0-1"]
[Board "139"]
[TimeControl "180+1"]
[WhiteFideId "905020"]
[BlackFideId "21832030"]
[WhiteElo "2414"]
[BlackElo "2756"]
[WhiteTeam "SRB"]
[BlackTeam "POL"]
[WhiteClock "0:00:07"]
[BlackClock "0:01:02"]

1. c4 g6 2. g3 Bg7 3. Bg2 e6 4. Nc3 Ne7 5. Nf3 d5 6. O-O O-O 7. d4 c6 8. b3 b6 9. a4 Ba6 10. Ba3 dxc4 11. Ne5 cxb3 12. Qxb3 Bb7 13. Rfd1 Re8 14. Ne4 Nf5 15. e3 Nd7 16. g4 Nh4 17. Nd6 Nxe5 18. dxe5 Qg5 19. h3 Nxg2 20. Kxg2 Rab8 21. f4 Qh4 22. Nxb7 Rxb7 23. Bb4 Bf8 24. Be1 Qe7 25. Rd6 c5 26. Rad1 Rc8 27. Qc4 Qe8 28. e4 b5 29. axb5 Qxb5 30. Qxb5 Rxb5 31. Rd8 Rbb8 32. Rxc8 Rxc8 33. Rd7 c4 34. Bc3 a5 35. Bxa5 c3 36. f5 c2 37. Bd2 c1=Q 38. Bxc1 Rxc1 39. Kf3 Kg7 40. g5 gxf5 41. exf5 Rf1+ 0-1

[Event "January 9 Early 2024"]
[Site "https://www.chess.com"]
[Date "2024.01.11"]
[Round "1"]
[White "Nakamura, Hikaru"]
[Black "Avramidou, Anastasia"]
[Result "1-0"]
[Board "140"]
[TimeControl "180+1"]
[WhiteFideId "2016192"]
[BlackFideId "4239873"]
[WhiteElo "3260"]
[BlackElo "2536"]
[WhiteTeam "USA"]
[BlackTeam "GRE"]
[WhiteClock "0:00:53"]
[BlackClock "0:00:01"]

1. Nf3 Nf6 2. g3 g6 3. Bg2 Bg7 4. d4 O-O 5. O-O d5 6. c4 Nc6 7. Nbd2 a5 8. e3 a4 9. Qe2 h6 10. Rd1 Re8 11. cxd5 Nxd5 12. e4 Nb6 13. d5 Nb4 14. a3 Na6 15. Nc4 Nc5 16. Be3 Nb3 17. Nxb6 cxb6 18. Rab1 Bd7 19. Nd4 Nxd4 20. Bxd4 b5 21. e5 Bf5 22. Rbc1 b4 23. axb4 a3 24. bxa3 Rxa3 25. h3 g5 26. g4 Bg6 27. Qb5 Qa8 28. d6 exd6 29. exd6 Bxd4 30. Rxd4 Rd8 31. d7 Ra1 32. Qf1 Rxc1 33. Qxc1 Qb8 34. Qe3 Kf8 35. Bf1 Qc7 36. Bb5 b6 37. Rc4 Qb8 38. Qe8+ Kg7 39. Rc8 1-0

[Event "January 9 Early 2024"]
[Site "https://www.chess.com"]
[Date "2024.01.11"]
[Round "1"]
[White "Szczepanek, Radoslaw"]
[Black "Rozum, Ivan"]
[Result "0-1"]
[Board "141"]
[TimeControl "180+1"]
[WhiteFideId "1120395"]
[BlackFideId "24104272"]
[WhiteElo "2408"]
[BlackElo "2770"]
[WhiteTeam "POL"]
[BlackTeam "RUS"]
[WhiteClock "0:00:02"]
[BlackClock "0:00:28"]

1. e4 c5 2. Nc3 d6 3. d4 cxd4 4. Qxd4 Nc6 5. Qd2 g6 6. b3 Bh6 7. f4 Nf6 8. Bb2 O-O 9. O-O-O e5 10. g3 Re8 11. Bg2 Bg4 12. Re1 exf4 13. gxf4 d5 14. Kb1 dxe4 15. Qxd8 Raxd8 16. Nce2 Nh5 17. Bh3 Bf3 18. Nxf3 exf3 19. Nc1 Nxf4 20. Rxe8+ Rxe8 21. Bd7 Re3 22. Nd3 Nxd3 23. cxd3 Rxd3 24. Bxc6 bxc6 25. Re1 f2 0-1

[Event "January 9 Early 2024"]
[Site "https://www.chess.com"]
[Date "2024.01.11"]
[Round "1"]
[White "Garbarino, Rodolfo"]
[Black "Javakhadze, Zurab"]
[Result "0-1"]
[Board "142"]
[TimeControl "180+1"]
[WhiteFideId "100412"]
[BlackFideId "13603647"]
[WhiteElo "2368"]
[BlackElo "2702"]
[WhiteTeam "ARG"]
[BlackTeam "GEO"]
[WhiteClock "0:00:28"]
[BlackClock "0:00:11"]

1. e4 e5 2. Bc4 Nf6 3. d3 c6 4. Bb3 d5 5. Nf3 Bd6 6. Nc3 dxe4 7. Ng5 O-O 8. Ncxe4 Nxe4 9. Nxe4 Be7 10. Qh5 Qd7 11. Qxe5 Kh8 12. O-O f5 13. Ng5 Bf6 14. Qg3 Na6 15. Bf4 Nc5 16. Bd6 Nxb3 17. axb3 Rd8 18. Be5 Bxe5 19. Qxe5 h6 20. Nf3 Re8 21. Qf4 Qf7 22. Rfe1 Be6 23. Re3 Bd5 24. Rae1 Rxe3 25. Qxe3 Qf6 26. Qd4 Qg6 27. Re3 Rf8 28. Nh4 Qh5 29. Qf4 Qd1+ 0-1

[Event "January 9 Early 2024"]
[Site "https://www.chess.com"]
[Date "2024.01.11"]
[Round "1"]
[White "Kubicka, Anna"]
[Black "Rohith Krishna S"]
[Result "0-1"]
[Board "143"]
[TimeControl "180+1"]
[WhiteFideId "1152254"]
[BlackFideId "46617051"]
[WhiteElo "2451"]
[BlackElo "2829"]
[WhiteTeam "POL"]
[BlackTeam "IND"]
[WhiteClock "0:00:03"]
[BlackClock "0:00:37"]

1. e4 e5 2. Nf3 Nc6 3. Bb5 Bc5 4. c3 Nge7 5. O-O O-O 6. h3 Bb6 7. d4 d6 8. Be3 f5 9. exf5 Bxf5 10. Na3 Kh8 11. Nc4 e4 12. Nh4 d5 13. Nxb6 axb6 14. Bg5 Qd6 15. Qd2 h6 16. Bf4 Qd7 17. f3 exf3 18. Rxf3 Be4 19. Rg3 Ng8 20. Be5 Rf7 21. Re1 Bh7 22. Ng6+ Bxg6 23. Rxg6 Qf5 24. Bxc6 Qxg6 25. Bxd5 Rd7 26. Bxb7 Rxa2 27. Be4 Qg5 28. Bf4 Qb5 29. Bb1 Rxb2 30. Qd1 Qc6 31. Qd3 Qxg2# 0-1

[Event "January 9 Early 2024"]
[Site "https://www.chess.com"]
[Date "2024.01.11"]
[Round "1"]
[White "Kvaloy, Aksel Bu"]
[Black "Silva, Pedro Gil Ferreira Da"]
[Result "1-0"]
[Board "144"]
[TimeControl "180+1"]
[WhiteFideId "1528815"]
[BlackFideId "1946102"]
[WhiteElo "2719"]
[BlackElo "2398"]
[WhiteTeam "NOR"]
[BlackTeam "POR"]
[WhiteClock "0:00:44"]
[BlackClock "0:00:39"]

1. d4 Nf6 2. Nf3 b6 3. Bg5 e6 4. Nbd2 Bb7 5. e3 d6 6. Bd3 Nbd7 7. O-O Be7 8. e4 h6 9. Bh4 O-O 10. Re1 c5 11. c3 cxd4 12. cxd4 e5 13. dxe5 Nxe5 14. Nxe5 dxe5 15. Nc4 Qd4 16. Bf1 Rfd8 17. Qxd4 exd4 18. Rad1 Ba6 19. e5 Nd5 20. Rxd4 Bxh4 21. Rxh4 Nb4 22. Nxb6 axb6 23. Rxb4 Bxf1 24. Kxf1 Rxa2 25. Rxb6 Rd2 26. g3 Raxb2 27. Rxb2 Rxb2 28. h4 h5 29. Kg2 g6 30. Kf3 Kg7 31. Re2 Rb4 32. Re4 Rb2 33. Rd4 Kf8 34. Rd7 Rb3+ 35. Kf4 Rb2 36. f3 Rb3 37. Ra7 Rc3 38. g4 hxg4 39. fxg4 Rc4+ 40. Kg5 Re4 41. Ra5 Kg7 42. h5 gxh5 43. gxh5 Re1 44. h6+ Kh7 45. Ra7 Rxe5+ 46. Kf6 Re1 47. Rxf7+ Kxh6 48. Ra7 Rf1+ 49. Ke5 Kg5 50. Rg7+ Kh6 51. Rg2 Rf4 52. Kxf4 1-0

[Event "January 9 Early 2024"]
[Site "https://www.chess.com"]
[Date "2024.01.11"]
[Round "1"]
[White "Tiarks, Jann-Christian"]
[Black "Gholami Orimi, Mahdi"]
[Result "0-1"]
[Board "145"]
[TimeControl "180+1"]
[WhiteFideId "12951595"]
[BlackFideId "12558486"]
[WhiteElo "2476"]
[BlackElo "2887"]
[WhiteTeam "GER"]
[BlackTeam "IRI"]
[WhiteClock "0:01:09"]
[BlackClock "0:00:17"]

1. e4 c5 2. Nc3 Nc6 3. g3 g6 4. Bg2 Bg7 5. Nge2 e6 6. d3 Nge7 7. Be3 d6 8. Qd2 Nd4 9. O-O-O Qa5 10. Kb1 Nxe2 11. Nxe2 Qxd2 12. Rxd2 Bd7 13. d4 c4 14. c3 Bc6 15. f4 f5 16. d5 exd5 17. exd5 Bd7 18. Bd4 Kf7 19. Bxg7 Kxg7 20. Nd4 Rhe8 21. Re2 Ng8 22. Rhe1 Rxe2 23. Rxe2 Kf7 24. Ne6 h6 25. Kc2 Nf6 26. Bf3 Rg8 27. h4 Re8 28. Nd4 Rc8 29. Re3 Rc5 30. Ne6 Ra5 31. Nd8+ Kf8 32. Nxb7 Rxa2 33. Nxd6 Ba4+ 34. Kb1 Bb3 35. Re6 Kg7 36. Re7+ Kg8 37. Nb5 Ra5 38. Rb7 a6 39. Nc7 Ne4 40. Bxe4 fxe4 41. Kc1 e3 42. Rxb3 cxb3 43. Kd1 Ra2 44. Ke2 Rxb2+ 45. Kxe3 Rc2 46. Kd3 Rc1 47. Kd2 b2 48. d6 b1=Q 49. d7 Rd1+ 50. Ke3 Rxd7 51. Ne6 Rd3+ 0-1

[Event "January 9 Early 2024"]
[Site "https://www.chess.com"]
[Date "2024.01.11"]
[Round "1"]
[White "Kleiman, Jake"]
[Black "Mishra, Manoj"]
[Result "1-0"]
[Board "146"]
[TimeControl "180+1"]
[WhiteFideId "2020041"]
[BlackFideId "5006007"]
[WhiteElo "2623"]
[BlackElo "2269"]
[WhiteTeam "USA"]
[BlackTeam "IND"]
[WhiteClock "0:01:09"]
[BlackClock "0:00:04"]

1. e4 Nf6 2. e5 Nd5 3. d4 d6 4. Nf3 Bg4 5. Be2 e6 6. c4 Nb6 7. exd6 cxd6 8. Nc3 g6 9. Bg5 f6 10. Be3 Bg7 11. Rc1 O-O 12. O-O e5 13. h3 Bxf3 14. Bxf3 Nc6 15. d5 Ne7 16. c5 Nc4 17. Qb3 Nxe3 18. fxe3 Nf5 19. Ne4 dxc5 20. Nxc5 Qb6 21. Ne6 Rf7 22. Rfe1 Bh6 23. Rc3 Nd6 24. Qxb6 axb6 25. a3 f5 26. e4 fxe4 27. Bxe4 Nb5 28. Rb3 Nd4 29. Rxb6 Bd2 30. Rd1 Be3+ 31. Kh1 Ne2 32. Rb3 Ng3+ 33. Kh2 Bf4 34. Nxf4 exf4 35. Bf3 Re8 36. d6 Rd7 37. Rxb7 Red8 38. Rxd7 Rxd7 39. Bc6 Kf7 40. Bxd7 1-0

[Event "January 9 Early 2024"]
[Site "https://www.chess.com"]
[Date "2024.01.11"]
[Round "1"]
[White "Sethuraman, S.P."]
[Black "Pandey Srishti"]
[Result "1-0"]
[Board "147"]
[TimeControl "180+1"]
[WhiteFideId "5021596"]
[BlackFideId "35093290"]
[WhiteElo "2882"]
[BlackElo "2477"]
[WhiteTeam "IND"]
[BlackTeam "IND"]
[WhiteClock "0:00:35"]
[BlackClock "0:00:17"]

1. d4 Nf6 2. c4 d6 3. Nc3 Nbd7 4. Nf3 e5 5. e4 g6 6. Be2 Bg7 7. d5 O-O 8. h3 Nc5 9. Qc2 a5 10. Be3 c6 11. Nd2 cxd5 12. cxd5 Bd7 13. a4 Na6 14. O-O Nb4 15. Qb3 Qc7 16. Rac1 Rfc8 17. Nc4 Ra6 18. Nb5 Qb8 19. Nb6 Rxc1 20. Rxc1 Qd8 21. Nc7 Nxe4 22. Nxa6 bxa6 23. Qc4 Nf6 24. Qc7 Qe8 25. Qb7 h5 26. Nxd7 Qxd7 27. Rc7 Qxa4 28. Rxf7 Bh8 29. Bh6 Qe8 30. Rf8+ Qxf8 31. Bxf8 Nfxd5 32. Bxd6 1-0

[Event "January 9 Early 2024"]
[Site "https://www.chess.com"]
[Date "2024.01.11"]
[Round "1"]
[White "Ter-Sahakyan, Samvel"]
[Black "Chernyavsky, Alexander"]
[Result "1-0"]
[Board "148"]
[TimeControl "180+1"]
[WhiteFideId "13302531"]
[BlackFideId "24131156"]
[WhiteElo "2906"]
[BlackElo "2479"]
[WhiteTeam "ARM"]
[BlackTeam "RUS"]
[WhiteClock "0:00:50"]
[BlackClock "0:00:01"]

1. d4 Nf6 2. c4 g6 3. Nc3 Bg7 4. e4 O-O 5. Be2 d6 6. Be3 e5 7. d5 a5 8. g4 Nfd7 9. h4 Nc5 10. h5 c6 11. Qd2 cxd5 12. cxd5 Nba6 13. Nh3 f6 14. hxg6 hxg6 15. f3 Bd7 16. Nf2 a4 17. O-O-O b5 18. Bh6 Qe7 19. Bxg7 Qxg7 20. Nxb5 Bxb5 21. Bxb5 Rab8 22. Bxa6 Nxa6 23. Kb1 Rf7 24. Nd3 Rfb7 25. a3 Nc5 26. Nb4 Nb3 27. Qe3 Rxb4 28. axb4 Rxb4 29. Qc3 Qb7 30. Rh2 a3 31. bxa3 Nd2+ 32. Ka2 Rc4 33. Qxd2 Qa6 34. Qb2 1-0

[Event "January 9 Early 2024"]
[Site "https://www.chess.com"]
[Date "2024.01.11"]
[Round "1"]
[White "Zimmermann, Ulrich"]
[Black "Bacrot, Etienne"]
[Result "0-1"]
[Board "149"]
[TimeControl "180+1"]
[WhiteFideId "24654523"]
[BlackFideId "605506"]
[WhiteElo "2457"]
[BlackElo "2842"]
[WhiteTeam "GER"]
[BlackTeam "FRA"]
[WhiteClock "0:00:31"]
[BlackClock "0:00:14"]

1. Nf3 d5 2. g3 Nf6 3. Bg2 g6 4. O-O Bg7 5. d3 O-O 6. Nc3 d4 7. Nb5 Nc6 8. c4 e5 9. e3 a6 10. Na3 dxe3 11. Bxe3 Bf5 12. d4 e4 13. Nh4 Bg4 14. Qd2 Qd7 15. Rae1 Rae8 16. Nc2 Bh3 17. f3 exf3 18. Nxf3 Ne4 19. Qd3 Bf5 20. Qd1 Bg4 21. Qd3 Bf5 22. Qd1 Bh3 23. Qd3 Bxg2 24. Kxg2 f5 25. Bf4 Nd8 26. Qb3 c6 27. d5 Kh8 28. Ncd4 c5 29. Ne2 b5 30. Nc3 Nf7 31. Nxe4 fxe4 32. Nd2 bxc4 33. Qxc4 g5 34. Be3 Ne5 35. Qxc5 Nd3 36. Qb4 Nxb4 0-1

[Event "January 9 Early 2024"]
[Site "https://www.chess.com"]
[Date "2024.01.11"]
[Round "1"]
[White "Sharapov, Evgeny"]
[Black "Nepomniachtchi, Ian"]
[Result "0-1"]
[Board "150"]
[TimeControl "180+1"]
[WhiteFideId "14103133"]
[BlackFideId "4168119"]
[WhiteElo "2531"]
[BlackElo "3124"]
[WhiteTeam "UKR"]
[BlackTeam "RUS"]
[WhiteClock "0:00:37"]
[BlackClock "0:00:48"]

1. e4 c5 2. Nf3 d6 3. d4 cxd4 4. Nxd4 Nf6 5. f3 e5 6. Nb3 a5 7. Bb5+ Nc6 8. Nc3 Be7 9. Be3 O-O 10. Qd2 Be6 11. O-O Qc7 12. Rfd1 Rfd8 13. Qf2 Nd7 14. Nd5 Bxd5 15. exd5 Nb4 16. c3 Na6 17. Bxd7 Qxd7 18. Nxa5 Rf8 19. Nc4 Rae8 20. Nb6 Qc7 21. a4 f5 22. f4 g5 23. g3 exf4 24. gxf4 Bd8 25. a5 Re4 26. Kh1 Rfe8 27. Re1 Qe7 28. Bd2 Nc5 29. Rxe4 Nxe4 30. Qg2 Nxd2 31. Qxd2 Qe4+ 32. Qg2 Qxf4 33. Rf1 Qe5 34. Nc4 Qf6 35. Qf3 f4 36. Qg4 Be7 37. Qd7 Rd8 38. Qxb7 Bf8 39. Nb6 Qf5 40. Qc7 Qe4+ 41. Kg1 Qe3+ 42. Kh1 Qe2 43. Kg1 Re8 44. Qc4 Qg4+ 45. Kh1 Re2 0-1

[Event "January 9 Early 2024"]
[Site "https://www.chess.com"]
[Date "2024.01.11"]
[Round "1"]
[White "Guerrero Olmos, Sergio"]
[Black "Beerdsen, Thomas"]
[Result "0-1"]
[Board "151"]
[TimeControl "180+1"]
[WhiteFideId "2257238"]
[BlackFideId "1030108"]
[WhiteElo "2460"]
[BlackElo "2848"]
[WhiteTeam "ESP"]
[BlackTeam "NED"]
[WhiteClock "0:00:01"]
[BlackClock "0:01:33"]

1. d4 Nf6 2. Nf3 Nc6 3. d5 Nb4 4. c4 e6 5. Nc3 Na6 6. a3 c6 7. d6 Nc5 8. Bf4 Nce4 9. Nxe4 Nxe4 10. Qd4 f5 11. e3 Qb6 12. Rd1 c5 13. Qd3 Qxb2 14. Be2 Qc3+ 15. Qxc3 Nxc3 16. Rd3 Nxe2 17. Kxe2 b6 18. Ne5 g6 19. h4 Bg7 20. h5 g5 21. h6 Bf6 22. Bg3 Ba6 23. Rc1 Rg8 24. f3 f4 25. Ng4 Kf7 26. exf4 gxf4 27. Bxf4 Bb2 28. Rb1 Bd4 29. Rc1 Raf8 30. Kf1 Ke8 31. g3 Rxg4 32. fxg4 e5 33. Rf3 exf4 34. gxf4 Kf7 35. f5 Kf6 36. Ke2 Rg8 37. Rf4 Be5 38. Re4 Bb7 39. Rxe5 Kxe5 40. Rg1 Kf4 41. Kd3 Be4+ 42. Kc3 Rxg4 43. f6 Bg6 44. f7 Bxf7 45. Rf1+ Ke5 46. Rxf7 Rg3+ 47. Kb2 Kxd6 48. Rxh7 Rh3 49. Rg7 Rxh6 50. Kb3 Rh3+ 51. Ka4 Rc3 52. Kb5 Rb3+ 53. Ka4 Rh3 54. Rg6+ Kc7 55. Rg4 Rc3 56. Rf4 a6 57. Rg4 Rxc4+ 0-1

[Event "January 9 Early 2024"]
[Site "https://www.chess.com"]
[Date "2024.01.11"]
[Round "1"]
[White "Paikens, Reinis"]
[Black "Estrada Nieto, Julian"]
[Result "1-0"]
[Board "152"]
[TimeControl "180+1"]
[WhiteFideId "11624078"]
[BlackFideId "5101018"]
[WhiteElo "2258"]
[BlackElo "2591"]
[WhiteTeam "LAT"]
[BlackTeam "ESP"]
[WhiteClock "0:00:21"]
[BlackClock "0:00:30"]

1. c4 e5 2. Nc3 Nf6 3. g3 d5 4. cxd5 Nxd5 5. Bg2 Nb6 6. a4 a5 7. Nf3 Nc6 8. d3 Be7 9. O-O O-O 10. Nb5 Bg4 11. Be3 Nd5 12. Rc1 Nxe3 13. fxe3 Qd7 14. e4 f6 15. Nc3 Nd4 16. Nd5 Bxf3 17. Rxc7 Nxe2+ 18. Kf2 Bc5+ 19. Rxc5 Bxg2 20. Kxg2 Nd4 21. Qc1 Rf7 22. Qc4 Kh8 23. Nb6 Qg4 24. Nxa8 h5 25. Qxf7 h4 26. Rc7 h3+ 27. Kh1 Nf3 28. Qxg7+ Qxg7 29. Rxg7 Kxg7 30. Rxf3 Kf7 31. Nb6 Ke6 32. Nd5 f5 33. Rxf5 Kd6 34. Rf6+ Kc5 35. Rh6 Kd4 36. Rxh3 Kxd3 37. Rh4 Kc2 38. Rh5 Kxb2 39. Rxe5 Kb3 40. Nb6 Kc3 41. Rd5 1-0

[Event "January 9 Early 2024"]
[Site "https://www.chess.com"]
[Date "2024.01.11"]
[Round "1"]
[White "Drozdowski, Kacper"]
[Black "Andrews, Todd"]
[Result "1-0"]
[Board "153"]
[TimeControl "180+1"]
[WhiteFideId "1136720"]
[BlackFideId "2012456"]
[WhiteElo "2972"]
[BlackElo "2505"]
[WhiteTeam "POL"]
[BlackTeam "USA"]
[WhiteClock "0:00:42"]
[BlackClock "0:00:06"]

1. e4 e6 2. d4 d5 3. Nd2 Nf6 4. e5 Nfd7 5. Bd3 c5 6. c3 Nc6 7. Ngf3 cxd4 8. cxd4 Qb6 9. O-O g6 10. Nb3 a5 11. a4 Bg7 12. Be3 O-O 13. Rc1 f6 14. exf6 Nxf6 15. h3 Bd7 16. Nc5 Rae8 17. Nxd7 Nxd7 18. Bb5 Re7 19. Re1 Qd8 20. Bxc6 bxc6 21. Rxc6 e5 22. Bg5 Bf6 23. Bxf6 Nxf6 24. Nxe5 Ne4 25. f3 Ng3 26. Qd2 Nf5 27. Rc5 Rfe8 28. Rd1 Qd6 29. f4 g5 30. Rc6 Qb8 31. fxg5 Nxd4 32. Qxd4 Rxe5 33. Rcc1 Qb3 34. Rd3 Qb7 35. Rf1 Qc7 36. Qf4 Re2 37. Qxc7 1-0

[Event "January 9 Early 2024"]
[Site "https://www.chess.com"]
[Date "2024.01.11"]
[Round "1"]
[White "Mohammadi, Melika"]
[Black "Xu, Yi"]
[Result "0-1"]
[Board "154"]
[TimeControl "180+1"]
[WhiteFideId "42529271"]
[BlackFideId "8605564"]
[WhiteElo "2466"]
[BlackElo "2862"]
[WhiteTeam "IRI"]
[BlackTeam "CHN"]
[WhiteClock "0:00:13"]
[BlackClock "0:00:33"]

1. e4 c5 2. Nf3 Nc6 3. d4 cxd4 4. Nxd4 Nf6 5. Nc3 e6 6. Ndb5 Bc5 7. Bf4 O-O 8. Bc7 Qe7 9. Bd6 Bxd6 10. Qxd6 Qd8 11. Nc7 Rb8 12. Be2 b5 13. e5 Ne8 14. Nxe8 Rxe8 15. O-O b4 16. Ne4 Bb7 17. Nc5 Ne7 18. Nxb7 Rxb7 19. Rad1 Qc7 20. Bf3 Nf5 21. Qd3 Rbb8 22. Rfe1 Red8 23. Be4 g6 24. Bxf5 exf5 25. Rd2 Rb6 26. f4 Rc6 27. Red1 d5 28. Qb3 Rc4 29. g3 Qc5+ 30. Kg2 Rc8 31. Rxd5 Rxc2+ 32. R1d2 Qc6 33. Qf3 Kg7 34. Kh3 Rxd2 0-1

[Event "January 9 Early 2024"]
[Site "https://www.chess.com"]
[Date "2024.01.11"]
[Round "1"]
[White "Eugene, Floryan"]
[Black "Veloso, Henrique Barbosa"]
[Result "0-1"]
[Board "155"]
[TimeControl "180+1"]
[WhiteFideId "20694784"]
[BlackFideId "22784853"]
[WhiteElo "2597"]
[BlackElo "2275"]
[WhiteTeam "FRA"]
[BlackTeam "BRA"]
[WhiteClock "0:00:58"]
[BlackClock "0:00:12"]

1. d4 Nf6 2. Nc3 e6 3. Bf4 Be7 4. Nf3 O-O 5. Qd2 b6 6. O-O-O Bb7 7. e3 Ne4 8. Nxe4 Bxe4 9. Bd3 Bxd3 10. Qxd3 d5 11. Kb1 Nd7 12. h4 c5 13. g4 c4 14. Qe2 b5 15. g5 a5 16. h5 f5 17. gxf6 Nxf6 18. Rdg1 Kh8 19. Ne5 Bd6 20. h6 g6 21. Bg5 Qc7 22. Bxf6+ Rxf6 23. f4 b4 24. Rh2 a4 25. c3 bxc3 26. bxc3 Rb8+ 27. Ka1 a3 28. Rb1 Rxb1+ 29. Kxb1 Qb6+ 30. Ka1 Qa5 31. Qc2 Bxe5 32. dxe5 Rf8 33. Rh1 Rb8 34. Rb1 Rxb1+ 35. Kxb1 Qb6+ 36. Kc1 Qxe3+ 37. Qd2 Qg1+ 38. Kc2 Qh1 39. Qc1 Qxh6 40. Qxa3 Qxf4 41. Qd6 Qf5+ 42. Kb2 Kg7 43. Qe7+ Qf7 44. Qd6 h5 45. Qd8 Qf2+ 46. Ka3 Qf8+ 47. Qxf8+ Kxf8 0-1

[Event "January 9 Early 2024"]
[Site "https://www.chess.com"]
[Date "2024.01.11"]
[Round "1"]
[White "Leiva, Gianmarco"]
[Black "Wael Sabry, Mina"]
[Result "0-1"]
[Board "156"]
[TimeControl "180+1"]
[WhiteFideId "3804399"]
[BlackFideId "10670173"]
[WhiteElo "2695"]
[BlackElo "2401"]
[WhiteTeam "PER"]
[BlackTeam "EGY"]
[WhiteClock "0:00:02"]
[BlackClock "0:01:17"]

1. e4 c5 2. Nf3 d6 3. c3 Nf6 4. h3 g6 5. Bd3 Bg7 6. Bc2 O-O 7. d4 cxd4 8. cxd4 Nc6 9. O-O d5 10. e5 Ne4 11. Nc3 Nxc3 12. bxc3 Bd7 13. Ng5 h6 14. Nf3 Na5 15. Bd2 Nc4 16. Qc1 Nxd2 17. Qxd2 Rc8 18. Bd3 Qa5 19. Rac1 Rc6 20. c4 Qxd2 21. Nxd2 Rfc8 22. c5 R6c7 23. Nb3 b6 24. Ba6 Rb8 25. f4 Ba4 26. Rf3 e6 27. Rfc3 Bf8 28. Kf2 bxc5 29. Nxc5 Rb2+ 30. Kf1 Rxa2 31. Nxa4 Rxc3 32. Nxc3 Rxa6 33. Rc2 Rc6 34. Rc1 Bb4 35. Na2 Rxc1+ 36. Nxc1 Bd2 37. Nb3 Bxf4 38. Ke2 h5 39. g4 hxg4 40. hxg4 g5 41. Kd3 f6 42. exf6 Kf7 43. Nc5 Bc7 44. Nd7 a5 45. Kc3 Ke8 46. Nc5 e5 47. Ne6 Bd6 48. Nxg5 e4 49. Nh7 Kf7 50. g5 Bb4+ 51. Kc2 a4 52. Kb2 e3 53. Kc2 e2 0-1

[Event "January 9 Early 2024"]
[Site "https://www.chess.com"]
[Date "2024.01.11"]
[Round "1"]
[White "Matlakov, Maxim"]
[Black "Xu, Daniel"]
[Result "1-0"]
[Board "157"]
[TimeControl "180+1"]
[WhiteFideId "4168003"]
[BlackFideId "2627345"]
[WhiteElo "2942"]
[BlackElo "2498"]
[WhiteTeam "RUS"]
[BlackTeam "CAN"]
[WhiteClock "0:00:33"]
[BlackClock "0:00:04"]

1. d4 Nf6 2. Nf3 g6 3. Nc3 d5 4. Bf4 Bg7 5. e3 O-O 6. Nb5 Na6 7. Be2 c6 8. Nc3 Nc7 9. h3 b6 10. O-O Bb7 11. a4 a5 12. Re1 Nd7 13. Bd3 Ba6 14. e4 Bxd3 15. Qxd3 dxe4 16. Qxe4 Ne6 17. Bh2 Qc8 18. Rad1 Nf6 19. Qh4 Rd8 20. Be5 Qb7 21. Rd3 Rd7 22. Red1 Rad8 23. Ng5 Nxg5 24. Qxg5 Nd5 25. Bxg7 Kxg7 26. Ne4 Nf6 27. Ng3 Rd5 28. Qd2 Qd7 29. Qc3 Rd6 30. Qb3 1-0

[Event "January 9 Early 2024"]
[Site "https://www.chess.com"]
[Date "2024.01.11"]
[Round "1"]
[White "Kleibel, Uwe"]
[Black "Garakov, Mikhael"]
[Result "1-0"]
[Board "158"]
[TimeControl "180+1"]
[WhiteFideId "1270982"]
[BlackFideId "4169034"]
[WhiteElo "2358"]
[BlackElo "2653"]
[WhiteTeam "GER"]
[BlackTeam "RUS"]
[WhiteClock "0:00:27"]
[BlackClock "0:00:05"]

1. e4 c5 2. Nf3 e6 3. g3 Nc6 4. Bg2 Nf6 5. Qe2 d6 6. O-O Be7 7. Rd1 O-O 8. d4 cxd4 9. Nxd4 Nxd4 10. Rxd4 Qb6 11. Rd1 Bd7 12. c4 Rac8 13. Nc3 a6 14. b3 Qa7 15. Be3 Qb8 16. Rac1 b5 17. cxb5 axb5 18. a4 bxa4 19. bxa4 Bc6 20. a5 Qa8 21. a6 Nxe4 22. Nxe4 Bxe4 23. Bxe4 Qxe4 24. Rxc8 Rxc8 25. a7 Bg5 26. Qa6 Ra8 27. Bxg5 h6 28. Be3 Kh7 29. Qd3 1-0

[Event "January 9 Early 2024"]
[Site "https://www.chess.com"]
[Date "2024.01.11"]
[Round "1"]
[White "Marn, Jan"]
[Black "Kravtsiv, Martyn"]
[Result "0-1"]
[Board "159"]
[TimeControl "180+1"]
[WhiteFideId "14619245"]
[BlackFideId "14113147"]
[WhiteElo "2461"]
[BlackElo "2853"]
[WhiteTeam "SLO"]
[BlackTeam "UKR"]
[WhiteClock "0:00:15"]
[BlackClock "0:00:31"]

1. f4 e5 2. e4 d5 3. d4 exf4 4. e5 Qh4+ 5. Ke2 b6 6. Nf3 Ba6+ 7. Kd2 Bb4+ 8. c3 Qf2+ 9. Be2 Be7 10. Qf1 Qe3+ 11. Kd1 Bxe2+ 12. Qxe2 Qxe2+ 13. Kxe2 g5 14. h4 g4 15. Ne1 h5 16. Bxf4 c5 17. Nd3 Nc6 18. Be3 O-O-O 19. Rf1 Bxh4 20. Rxf7 Nh6 21. Rf1 cxd4 22. cxd4 Rhf8 23. Rxf8 Rxf8 24. Bxh6 Nxd4+ 25. Kd2 Rf1 26. Be3 Nf5 27. Nb4 d4 28. Bxd4 Nxd4 29. Kd3 Rd1+ 30. Ke4 a5 31. Nd3 Nc2 32. Nc3 Rxa1 33. Nd5 Nb4 34. N3xb4 axb4 35. Nxb6+ Kd8 36. Kf5 Rg1 37. Kg6 Rxg2 38. Kxh5 Be7 39. Nc4 g3 40. Kg4 Rc2 41. b3 g2 0-1

[Event "January 9 Early 2024"]
[Site "https://www.chess.com"]
[Date "2024.01.11"]
[Round "1"]
[White "Guevara Sanchez, Erick Marvin"]
[Black "Sielecki, Christof"]
[Result "0-1"]
[Board "160"]
[TimeControl "180+1"]
[WhiteFideId "6700136"]
[BlackFideId "4620437"]
[WhiteElo "2210"]
[BlackElo "2589"]
[WhiteTeam "ESA"]
[BlackTeam "GER"]
[WhiteClock "0:00:02"]
[BlackClock "0:00:19"]

1. e4 c5 2. d4 cxd4 3. c3 dxc3 4. Nxc3 e6 5. Nf3 a6 6. Bc4 b5 7. Bb3 Nc6 8. O-O Na5 9. Bc2 Bb7 10. Re1 Rc8 11. Bf4 Bc5 12. Bd6 Bxd6 13. Qxd6 Nf6 14. e5 Nc4 15. Qd4 Nd5 16. Qg4 Nxb2 17. Qxg7 Rf8 18. Ne4 Nc4 19. Bb3 Rc6 20. Bxc4 bxc4 21. Rad1 Qe7 22. Nd4 Nf4 23. Nxc6 Bxc6 24. Nf6+ Kd8 25. f3 c3 26. Kh1 c2 27. Rc1 Nd3 28. Rxc2 Nxe1 29. Rd2 Qb4 30. Qg5 Kc7 31. Qg3 Qb1 0-1